 Dungeon Crawl Stone Soup version 0.28-a0-852-gbbce81c95b (webtiles) character file.

Game seed: 12525180234438302553

1780 BinkBink the Covert (level 8, -2/43 HPs)
             Began as a Vampire Enchanter on Nov 15, 2021.
             Was an Initiate of Dithmenos.
             Slain by a gnoll sergeant (9 damage)
             ... while paralysed by a gnoll sergeant
             ... on level 7 of the Dungeon.
             The game lasted 00:24:59 (6839 turns).

BinkBink the Covert (Vampire Enchanter)             Turns: 6839, Time: 00:25:00

Health: -2/43      AC:  2    Str: 13    XL:     8   Next: 81%
Magic:  10/13      EV:  2    Int: 19    God:    Dithmenos [......]
Gold:   125        SH:  0    Dex: 15    Spells: 8/13 levels left

rFire   . . .      SeeInvis +   e - +6 dagger (chaos)
rCold   + + +      Faith    .   (no shield)
rNeg    + + +      Spirit   .   b - +0 robe
rPois   ∞          Reflect  .   (no helmet)
rElec   .          Harm     .   (no cloak)
rCorr   .          Rampage  .   (no gloves)
Will    .....                   (no boots)
Stlth   ++++++++..              o - amulet of regeneration
HPRegen 0.00/turn               l - ring of protection from cold
MPRegen 0.13/turn               q - +6 ring of strength

@: paralysed, bloodless, inhibited regen
A: bloodless, fangs 3, see invisible, vampiric 2
a: Bat Form, Revivify, Renounce Religion


You were on level 7 of the Dungeon.
You worshipped Dithmenos.
Dithmenos was noncommittal.
You visited 1 branch of the dungeon, and saw 7 of its levels.

You collected 255 gold pieces.
You spent 130 gold pieces at shops.

Inventory:

Hand Weapons
 a - a +1 dagger
 e - a +6 dagger of chaos (weapon)
 s - a +3 dagger
Missiles
 f - a throwing net (quivered)
Armour
 b - a +0 robe (worn)
Jewellery
 l - a ring of protection from cold (left hand)
 o - an amulet of regeneration (around neck)
 q - a +6 ring of strength (right hand)
Wands
 A - a wand of digging (5)
 C - a wand of flame (13)
Scrolls
 c - a scroll of identify
 d - a scroll of vulnerability
 i - 2 scrolls of blinking
 m - 3 scrolls of magic mapping
 p - a scroll of holy word
 x - 2 scrolls of fog
 y - 2 scrolls of teleportation
 z - 3 scrolls of enchant armour
 D - a scroll of noise
Potions
 g - a potion of haste {unknown}
 h - 2 potions of curing
 j - a potion of attraction {unknown}
 k - a potion of magic {unknown}
 n - 3 potions of flight {unknown}
 r - a potion of berserk rage {unknown}
 t - a potion of degeneration {unknown}
 u - a potion of cancellation {unknown}
 w - a potion of mutation {unknown}
 B - a potion of ambrosia {unknown}


   Skills:
 + Level 1.5 Fighting
 + Level 4.0 Short Blades
 - Level 2.1 Dodging
 + Level 14.4 Stealth
 - Level 3.3 Spellcasting
 - Level 6.2 Hexes
 - Level 3.0 Ice Magic


You had 8 spell levels left.
You knew the following spells:

 Your Spells              Type           Power      Damage    Failure   Level
a - Ensorcelled Hibernat  Hex/Ice        40%        N/A       3%          2
b - Confusing Touch       Hex            27%        N/A       3%          3

Your spell library contained the following spells:

 Spells                   Type           Power      Damage    Failure   Level
 Tukima's Dance           Hex            27%        N/A       3%          3
 Dazzling Flash           Conj/Hex       30%        N/A       12%         3
 Corpse Rot               Necr/Air       6%         N/A       22%         2
 Poisonous Vapours        Pois/Air       6%         N/A       22%         2


Dungeon Overview and Level Annotations

Branches:
Dungeon (7/15)             Temple (0/1) D:6

Altars:
Ashenzari
Cheibriados
Dithmenos
Hepliaklqana
Uskayaw
Vehumet
Wu Jian
Xom
Zin

Shops:
D:6 =??


Innate Abilities, Weirdness & Mutations

You do not regenerate when monsters are visible.
You are frail without blood (-20% HP).
You can heal yourself when you bite living creatures.
You are immune to poison.
You have razor-sharp teeth.
You have supernaturally acute eyesight. (SInv)
You are afflicted with vampirism and can become a bat while bloodless.


Message History

You spit the ice beast like a pig!!!!
You kill the ice beast!
Dithmenos accepts your kill.
Your Short Blades skill increases to level 4!
You open the door.
There is an open door here.
You now have 92 gold pieces (gained 11).
You now have 109 gold pieces (gained 17).
You now have 114 gold pieces (gained 5).
You now have 125 gold pieces (gained 11).
There is an open door here.
Found a stone staircase leading down.
Casting: Ensorcelled Hibernation (safe; 3% risk of failure)
Confirm with . or Enter, or press ? or * to list all spells.
Aiming: Ensorcelled Hibernation (safe; 3% risk of failure)
Press: ? - help, Shift-Dir - straight line, f - gnoll sergeant
Aim: a gnoll sergeant, wielding a +0 trident, wearing a +0 ring mail and carrying a wand of paralysis (9) (wandering, hasn't noticed you, chance to affect: 50%)
You miscast Ensorcelled Hibernation.
You are very lightly contaminated with residual magic.
Nothing appears to happen.
The gnoll sergeant shouts!
You hear a shout! x3
Casting: Ensorcelled Hibernation (safe; 3% risk of failure)
Confirm with . or Enter, or press ? or * to list all spells.
Aiming: Ensorcelled Hibernation (safe; 3% risk of failure)
Press: ? - help, Shift-Dir - straight line, f/p - gnoll sergeant
Aim: a gnoll sergeant, wielding a +0 trident, wearing a +0 ring mail and carrying a wand of paralysis (9) (chance to affect: 50%)
The gnoll sergeant looks drowsy...
The gnoll hits you from afar with a +0 halberd.
The gnoll sergeant hits you from afar with a +0 trident!
The gnoll misses you.
Your magical contamination has completely faded away.
The gnoll sergeant zaps a wand.
You suddenly lose the ability to move!
The gnoll hits you from afar with a +1 halberd of pain!
* * * LOW HITPOINT WARNING * * *
The gnoll hits you but does no damage.
The gnoll sergeant zaps a wand.
You easily resist.
The gnoll hits you from afar with a +1 halberd of pain.
* * * LOW HITPOINT WARNING * * *
The gnoll sergeant hits you from afar with a +0 trident!
You die...

##.####.## .
......... ........#
... ....## #.# #....#
.#### #.###..#g#
......
#......#g##.#.... #
##.####<.# #gg......#
# .........#
####@#.#.# #
##.####..# #.#.#.#
##+####..######...#.#
#........#..........#
#........#.#####..#.#
#........#.# #..#.#
#........#.# ##..#.#
#........#.# #.....#
#######..#.# #..>..#


You could see a gnoll sergeant and 3 gnolls.

Vanquished Creatures
  A steam dragon (D:6)
  A water moccasin (D:2)
  2 sky beasts
  2 ice beasts
  An orc warrior (D:6)
  3 ogres
  A wyvern zombie (D:6)
  3 scorpions
  A water moccasin skeleton (D:4)
  A bullfrog zombie (D:5)
  5 orc priests
  2 orc wizards
  Ijyb (D:5)
  Terence (D:3)
  An iguana (D:5)
  A hound skeleton (D:4)
  Robin (D:4)
  6 gnolls
  6 adders
  A white imp (D:6)
  A worm (D:2)
  4 dart slugs
  11 orcs
  8 ball pythons
  2 endoplasms
  A giant cockroach (D:1)
  13 goblins
  11 hobgoblins
  2 jackals (D:1)
  3 quokkas
  7 bats
  3 frilled lizards
  6 kobolds
  4 rats
117 creatures vanquished.

Notes
Turn   | Place    | Note
-------+----------+-------------------------------------------
     0 | D:1      | BinkBink the Vampire Enchanter began the quest for the Orb.
     0 | D:1      | Reached XP level 1. HP: 13/13 MP: 3/3
   299 | D:1      | Reached XP level 2. HP: 19/19 MP: 5/5
   302 | D:1      | Learned a level 2 spell: Ensorcelled Hibernation
   501 | D:1      | Reached skill level 5 in Hexes
   854 | D:1      | Reached skill level 5 in Stealth
  1037 | D:1      | Gained mutation: You are afflicted with vampirism and can
                  | become a bat while bloodless. [Vampire growth]
  1037 | D:1      | Reached XP level 3. HP: 24/24 MP: 3/6
  1566 | D:2      | Found a faded altar of an unknown god.
  1794 | D:2      | Reached skill level 1 in Ice Magic
  1848 | D:2      | Noticed an ogre
  2005 | D:2      | Killed an ogre
  2006 | D:2      | Reached skill level 6 in Stealth
  2006 | D:2      | Reached XP level 4. HP: 30/30 MP: 0/8
  2006 | D:2      | Reached XP level 5. HP: 35/35 MP: 0/9
  2786 | D:3      | Noticed Terence
  2788 | D:3      | Killed Terence
  2895 | D:3      | Noticed a water moccasin
  2920 | D:2      | Killed a water moccasin
  2921 | D:2      | Reached XP level 6. HP: 18/42 MP: 5/11
  3063 | D:3      | Reached skill level 7 in Stealth
  3373 | D:4      | Noticed Robin
  3404 | D:4      | Found a radiant altar of Vehumet.
  3404 | D:4      | Found a hazy altar of Hepliaklqana.
  3551 | D:3      | Learned a level 3 spell: Confusing Touch
  3634 | D:4      | Found a broken altar of Ashenzari.
  3949 | D:4      | Killed Robin
  4207 | D:5      | Entered Level 5 of the Dungeon
  4330 | D:5      | Found a snail-covered altar of Cheibriados.
  4397 | D:5      | Noticed Ijyb
  4420 | D:5      | Reached skill level 8 in Stealth
  4467 | D:5      | Noticed a sky beast
  4548 | D:5      | Reached XP level 7. HP: 47/47 MP: 7/12
  4553 | D:5      | Reached skill level 1 in Fighting
  4553 | D:5      | Reached skill level 9 in Stealth
  4922 | D:5      | Reached skill level 10 in Stealth
  5321 | D:5      | Found a hide-covered altar of Uskayaw.
  5348 | D:5      | Found a shadowy altar of Dithmenos.
  5358 | D:5      | Killed Ijyb
  5360 | D:5      | Became a worshipper of Dithmenos the Shadowed
  5443 | D:5      | Reached skill level 11 in Stealth
  5466 | D:5      | Reached XP level 8. HP: 43/43 MP: 13/13
  5527 | D:6      | Found Gasch's Magic Scroll Boutique.
  5575 | D:6      | Bought a scroll of teleportation for 39 gold pieces
  5575 | D:6      | Bought a scroll of identify for 26 gold pieces
  5575 | D:6      | Bought a scroll of noise for 13 gold pieces
  5575 | D:6      | Bought a scroll of fog for 26 gold pieces
  5575 | D:6      | Bought a scroll of identify for 26 gold pieces
  5594 | D:6      | Reached skill level 12 in Stealth
  5804 | D:6      | Found Sutegod's Magic Scroll Shoppe.
  5835 | D:6      | Found a staircase to the Ecumenical Temple.
  6058 | D:6      | Reached skill level 13 in Stealth
  6221 | D:6      | Found Worytt's Jewellery Boutique.
  6675 | D:6      | Found a shimmering altar of Xom.
  6766 | D:7      | Reached skill level 14 in Stealth
  6783 | D:7      | Found an ornate altar of the Wu Jian Council.
  6836 | D:7      | Paralysed by a gnoll sergeant for 7 turns
  6839 | D:7      | Slain by a gnoll sergeant

Illustrated notes

Levels and vault maps discovered:
D:1:      psy_arrival_statuary, layout_loops_corners
D:2:      layout_basic, ebering_ecumenical_altar_hall, minmay_misc_feat_cross,
          dk_noncrumbling_2
D:3:      layout_loops_cross, uniq_terence
D:4:      layout_rooms, grunt_temple_overflow_open,
          mainiacjoe_overflow_two_lobes, uniq_robin
D:5:      layout_basic, mainiacjoe_overflow_brackets,
          mainiacjoe_overflow_six_doors_small,
          nicolae_dithmenos_through_a_glass_darkly, minmay_misc_feat_ornament,
          minmay_misc_feat_enclosed, uniq_ijyb
D:6:      layout_loops_ring, tgw_xom, minmay_temple_entry_statues_pillars,
          serial_shops, kennysheep_little_box, shop, shop
D:7:      layout_basic, amcnicky_altar_gilded, nicolae_ru_sacrificial_ziggurat,
          uniq_prince_ribbit1

Skill      XL: |  1  2  3  4  5  6  7  8 |
---------------+-------------------------+-----
Hexes          | 5 6 |  6.2
Stealth        | 5 6 8 11 14 | 14.4
Ice Magic      | 1 3 |  3.0
Spellcasting   | 3 |  3.3
Short Blades   | 2 3 4 |  4.0
Fighting       | 1 |  1.5
Dodging        | |  2.1

Action                   |  1- 3 |  4- 6 |  7- 9 || total
-------------------------+-------+-------+-------++-------
Melee: Dagger            |    94 |    69 |    67 ||   230
       Bite              |     7 |     4 |     3 ||    14
 Cast: Ensorcelled Hiber |    33 |    55 |    47 ||   135
       Confusing Touch   |       |     4 |    10 ||    14
 Abil: Exsanguinate      |       |       |     1 ||     1
  Use: Potion            |     1 |       |     2 ||     3
       Scroll            |       |       |     9 ||     9
 Stab: Sleeping          |    26 |    36 |    26 ||    88
       Confused          |       |     3 |     5 ||     8
Armor: Robe              |    24 |    14 |     4 ||    42
Dodge: Dodged            |    51 |    67 |    31 ||   149

Table legend: (Time is in decaauts)
 A = Elapsed time spent in this place.
 B = Non-inter-level travel time spent in this place.
 C = Inter-level travel time spent in this place.
 D = Time resting spent in this place.
 E = Time spent auto-exploring this place.
 F = Levels seen in this place.
 G = Mean time per level.
                   A        B        C        D        E       F      G
               +--------+--------+--------+--------+--------+-----+--------+
         Total |   6830 |   6539 |    291 |      0 |   4993 |   7 |  975.7 |
       Dungeon |   6830 |   6539 |    291 |      0 |   4993 |   7 |  975.7 |
               +--------+--------+--------+--------+--------+-----+--------+

Top non-repeatable levels by time:
     D:5: 1424 daAuts
     D:1: 1374 daAuts
     D:2: 1217 daAuts
     D:6: 1119 daAuts
     D:3: 813 daAuts
     D:4: 799 daAuts
     D:7: 80 daAuts
